cohdb
Replays
Latest Replays
All Replays
Popular Replays
Top Player Replays
Match Explorer
How It Works
Community
CoH3 Stats
Reddit
Sign in to upload your games and track your stats! →
Sign in with Steam
Match 38013536
Unlisted
Match 38013536
Overview
Messages
Build Orders
End
Kettenkrad Recon Vehicle
Construct Infanterie Kompanie
Selects Mechanized Battlegroup
MG 42 Machine Gun Team
MG 42 Machine Gun Team
Grenadier Squad
Construct Panzergrenadier Kompanie
251 Medium Carrier
251 Medium Carrier
Selects Mobile Repair Stations
Selects Mobile Repair Stations
Pak 40 Anti-tank Gun Team
Panzergrenadier Officer Quarters
Selects Wespe Self-propelled Artillery
Wespe Self-propelled Artillery
Forward Retreat Point
Medical Bunker
Selects Raid Package
Wespe Self-propelled Artillery
Construct Panzer Kompanie
Panzer Officer Quarters
Selects 8 Rad Armored Car
Selects UNKNOWN (2160084)
Panther Heavy Tank
Uffz. Ral-go
憨八龟
MORDEN
活结大王的崛起
Honey
khj
Zebra
王二崔一
0
0
Comments
sign in to comment!
No comments posted yet!